 Dungeon Crawl Stone Soup version 0.30-a0-358-g0d69a1922f (webtiles) character file.

Game seed: 13103018155968576165

599 Low2 the Twirler (level 7, -2/72 HPs)
             Began as an Ogre Gladiator on Nov 11, 2022.
             Was a Believer of Jiyva.
             Slain by an orc
             ... wielding a +0 hand axe
              (7 damage)
             ... on level 5 of the Dungeon.
             The game lasted 00:16:08 (3181 turns).

Low2 the Twirler (Ogre Gladiator)                   Turns: 3181, Time: 00:16:09

Health: -2/72      AC:  2    Str: 29    XL:     7   Next: 41%
Magic:  7/7        EV: 10    Int:  7    God:    Jiyva [**....]
Gold:   104        SH:  0    Dex:  8    Spells: 6/6 levels left

rFire   . . .      SeeInvis .    a - +0 quarterstaff
rCold   . . .      Faith    .    (shield currently unavailable)
rNeg    . . .      Spirit   .    b - +0 robe
rPois   .          Reflect  .    c - +0 hat
rElec   .          Harm     .    (no cloak)
rCorr   +          Rampage  .    (gloves unavailable)
Will    .....                    (boots unavailable)
Stlth   +.........               o - amulet of the acrobat
HPRegen 1.28/turn                (no ring)
MPRegen 0.40/turn                (no ring)

@: no status effects
A: large, unfitting armour, tough skin 1, strong 2, pseudopods 2
a: Renounce Religion


You were on level 5 of the Dungeon.
You worshipped Jiyva.
Jiyva was pleased with you.
You visited 2 branches of the dungeon, and saw 6 of its levels.
You also visited: Ossuary.

You collected 104 gold pieces.

Inventory:

Hand Weapons
 a - a +0 quarterstaff (weapon)
 j - a +2 dagger of venom
Missiles
 i - 9 atropa-tipped darts (quivered)
 n - 6 poisoned darts
Armour
 b - a +0 robe (worn)
 c - a +0 hat (worn)
Jewellery
 o - an amulet of the acrobat (around neck)
Scrolls
 g - a scroll of poison {unknown}
 h - a scroll of teleportation {unknown}
 p - a scroll of magic mapping {unknown}
 q - 5 scrolls of identify {unknown}
 t - a scroll of fear {unknown}
 u - 2 scrolls of summoning {unknown}
 y - a scroll of acquirement {unknown}
 z - a scroll of immolation
Potions
 f - 2 potions of heal wounds {unknown}
 k - 2 potions of berserk rage {unknown}
 l - a potion of attraction {unknown}
 m - a potion of curing {unknown}
 r - 2 potions of might {unknown}
 s - a potion of brilliance {unknown}
 v - 3 potions of mutation
 w - 2 potions of haste {unknown}
 x - a potion of resistance {unknown}
 A - a potion of lignification {unknown}


   Skills:
 + Level 5.0 Fighting
 + Level 6.2 Staves
 + Level 2.1 Throwing
 + Level 4.3 Dodging
 + Level 1.3 Stealth


You had 6 spell levels left.
You didn't know any spells.
Your spell library contained the following spells:

 Spells                   Type           Power      Damage    Failure   Level
 Static Discharge         Conj/Air       0%         2-2/arc   56%         2
 Flame Wave               Conj/Fire      0%         2d4       99%         4
 Irradiate                Conj/Tmut      0%         3d11      100%        5
 Chain Lightning          Conj/Air       0%         N/A       100%        9


Dungeon Overview and Level Annotations

Branches:
Dungeon (5/15)             Temple (1/1) D:4         Ossuary (visited)

Altars:
Cheibriados
Dithmenos
Elyvilon
Fedhas
Gozag
Hepliaklqana
Nemelex Xobeh
Okawaru
Qazlal
Ru
Trog
Uskayaw
Wu Jian
Xom
Zin
The Shining One
Jiyva


Innate Abilities, Weirdness & Mutations

You are too large for most types of armour.
You have tough skin. (AC +1)
Your muscles are very strong. (Str +8, Int/Dex -2)
Armour fits poorly on your large pseudopods.


Message History

Press: ? - help, Q - select action, (/) - cycle Shift-Dir - straight line, f/p - orc
Aim: an orc, wielding a +0 short sword and quivering boomerangs (heavily wounded, 57% to hit, chance to blind on hit: 100%)
You throw an atropa-tipped dart. The atropa-tipped dart hits the orc.
The orc appears confused.
The orc is heavily wounded.
The orc closely misses you.
The orc hits itself with a +0 short sword.
The orc is killed!
The orc hits you with a +0 hand axe. The gnoll hits you with a +0 whip.
The orc attacks as you move away! The orc hits you with a +0 hand axe.
An orc comes into view. It is wielding a +0 flail.
The gnoll completely misses you. The orc attacks as you move away!
The orc completely misses you.
Found a scroll of immolation.
The orc misses you.
Throw: 10 darts (atropa)
Press: ? - help, Q - select action, (/) - cycle Shift-Dir - straight line, f - orc
Aim: an orc, wielding a +0 hand axe and wearing a +0 ring mail (61% to hit, chance to blind on hit: 100%)
You throw an atropa-tipped dart.
The atropa-tipped dart closely misses the orc.
The atropa-tipped dart hits the orc.
The orc appears confused.
The orc shouts!
The gnoll hits you with a +0 whip. The orc hits you with a +0 whip.
The orc hits you with a +0 hand axe.
Okay, then.
As you read the scroll of immolation, it crumbles to dust.
The creatures around you are filled with an inner flame!
The gnoll hits you with a +0 whip!
* * * LOW HITPOINT WARNING * * *
The gnoll sergeant hits you from afar with a +0 trident.
* * * LOW HITPOINT WARNING * * *
The orc hits you with a +0 hand axe.
* * * LOW HITPOINT WARNING * * *
A dart slug comes into view.
You hear a distant slurping noise. x2
The gnoll attacks as you move away! The gnoll closely misses you.
The orc priest attacks as you move away!
The orc priest hits you with a +0 mace.
* * * LOW HITPOINT WARNING * * *
The orc attacks as you move away! The orc hits you with a +0 hand axe!
You die...

.. #......?..
.###......... .
.#........#
..##.........#
<...........##
.............##
..............#
......o@###...#.
####..goo#......
###~~##..ggo..###
~~~~~~..........##
#~~##.....o....##..
## #...o....(......
##..†...<....#
#...)#....w....
#..)###........


You could see a gnoll sergeant (inner flame), an orc priest (inner flame), 2
gnolls, a dart slug (wandering) and 5 orcs.

Vanquished Creatures
  A black bear (D:4)
  2 centaurs (D:5)
  A scorpion (D:4)
  A centaur zombie (Ossuary)
  A hound (D:5)
  2 human zombies (Ossuary)
  A mummy (Ossuary)
  4 gnolls
  3 adders
  An ufetubus (D:4)
  2 worms
  2 dart slugs
  4 orcs
  3 ball pythons
  A giant cockroach (D:3)
  6 goblins
  8 hobgoblins
  5 jackals (D:1)
  6 kobolds
  6 quokkas
  5 bats
  2 frilled lizards (D:3)
  A goblin zombie (Ossuary)
  A hobgoblin zombie (Ossuary)
  A kobold zombie (Ossuary)
  5 rats
  A butterfly (D:4)
76 creatures vanquished.

Vanquished Creatures (others)
  2 jellies (Ossuary)
  A mummy (Ossuary)
  3 adders
  2 endoplasms
  A goblin (D:3)
  A hobgoblin (D:2)
  A quokka (D:2)
  2 ball pythons
  2 bats
  A kobold zombie (Ossuary)
  An orc zombie (Ossuary)
  4 fungi (D:1)
  A plant (D:1)
22 creatures vanquished.

Grand Total: 98 creatures vanquished

Notes
Turn   | Place    | Note
-------+----------+-------------------------------------------
     0 | D:1      | Low2 the Ogre Gladiator began the quest for the Orb.
     0 | D:1      | Reached XP level 1. HP: 22/22 MP: 1/1
   355 | D:1      | Reached XP level 2. HP: 29/29 MP: 2/2
   589 | D:1      | Reached XP level 3. HP: 35/36 MP: 3/3
   835 | D:1      | Found a faded altar of an unknown god.
   851 | D:1      | Prayed at the altar of an unknown god.
   851 | D:1      | Became a worshipper of Jiyva Jaos the Shapeless
   851 | D:1      | Reached * piety under Jiyva
  1227 | D:2      | Reached XP level 4. HP: 45/45 MP: 4/4
  1316 | D:2      | Reached ** piety under Jiyva
  1796 | D:3      | Found a white marble altar of Elyvilon.
  1899 | D:3      | Reached *** piety under Jiyva
  2036 | D:3      | Reached skill level 4 in Staves
  2114 | D:3      | Gained mutation: Your muscles are strong. (Str +4, Int/Dex
                  | -1) [Jiyva's grace]
  2114 | D:3      | Gained mutation: Your muscles are very strong. (Str +8,
                  | Int/Dex -2) [Jiyva's grace]
  2114 | D:3      | Gained mutation: Armour fits poorly on your pseudopods.
                  | [Jiyva's grace]
  2114 | D:3      | Gained mutation: Armour fits poorly on your large
                  | pseudopods. [Jiyva's grace]
  2144 | D:3      | Got the Grimoire of Excruciating Conflagration
  2169 | D:3      | Found an opulent altar of Gozag.
  2222 | D:4      | Found a shadowy altar of Dithmenos.
  2233 | D:4      | Found a staircase to the Ecumenical Temple.
  2235 | D:4      | Noticed a scorpion
  2245 | D:4      | Killed a scorpion
  2246 | D:4      | Reached XP level 5. HP: 54/54 MP: 5/5
  2340 | Temple   | Entered the Ecumenical Temple
  2340 | Temple   | Found a transporter.
  2340 | Temple   | Found a transporter.
  2342 | Temple   | Found a transporter.
  2342 | Temple   | Found a transporter.
  2555 | D:4      | Noticed a black bear
  2575 | D:4      | Killed a black bear
  2576 | D:4      | Reached skill level 5 in Staves
  2576 | D:4      | Reached XP level 6. HP: 56/62 MP: 4/6
  2634 | D:4      | Found a sand-covered staircase.
  2644 | Ossuary  | Entered an ossuary
  2793 | Ossuary  | Reached skill level 1 in Stealth
  3114 | D:5      | Entered Level 5 of the Dungeon
  3122 | D:5      | Reached XP level 7. HP: 59/71 MP: 7/7
  3149 | D:5      | Reached skill level 6 in Staves
  3163 | D:5      | Reached skill level 5 in Fighting
  3181 | D:5      | Slain by an orc

Illustrated notes

Levels and vault maps discovered:
D:1:      lemuel_arrival_funnel, layout_loops_corners,
          shapermc_ecumenical_altar_petra, hangedman_decor_lopped
D:2:      layout_basic
D:3:      layout_rooms, mainiacjoe_overflow_paths, nicolae_gozag_seed_capital,
          minmay_misc_feat_hallway, nrook_loot_triangle
D:4:      layout_rooms, nicolae_dithmenos_through_a_glass_darkly,
          minmay_temple_entry_butterflies, enter_ossuary_2
D:5:      layout_cave_pools, gup_sewer_entry_bubbles, dreamdust_wishing_well
Temple:   hellmonk_temple_divided_pantheon

Skill      XL: |  1  2  3  4  5  6  7 |
---------------+----------------------+-----
Dodging        | 3 4 |  4.3
Fighting       | 3 4 5 |  5.0
Staves         | 4 5 6 |  6.2
Stealth        | 1 |  1.3
Throwing       | |  2.1

Action                   |  1- 3 |  4- 6 |  7- 9 || total
-------------------------+-------+-------+-------++-------
Melee: Quarterstaff      |   103 |   134 |    14 ||   251
       Pseudopods        |       |    10 |     2 ||    12
Throw: Throwing net      |       |       |     3 ||     3
       Dart              |       |       |     2 ||     2
       Large rock        |       |       |     1 ||     1
Invok: Oozemancy         |       |     2 |     1 ||     3
  Use: Scroll            |       |       |     1 ||     1
 Stab: Distracted        |       |     1 |       ||     1
Armor: Robe              |    44 |    42 |     2 ||    88
Dodge: Dodged            |    78 |   101 |    45 ||   224

Table legend: (Time is in decaauts)
 A = Elapsed time spent in this place.
 B = Non-inter-level travel time spent in this place.
 C = Inter-level travel time spent in this place.
 D = Time resting spent in this place.
 E = Time spent auto-exploring this place.
 F = Levels seen in this place.
 G = Mean time per level.
                   A        B        C        D        E       F      G
               +--------+--------+--------+--------+--------+-----+--------+
         Total |   3202 |   3202 |      0 |      0 |      0 |   7 |  457.4 |
       Dungeon |   2720 |   2720 |      0 |      0 |      0 |   5 |  544.0 |
        Temple |    163 |    163 |      0 |      0 |      0 |   1 |  163.0 |
       Ossuary |    318 |    318 |      0 |      0 |      0 |   1 |  318.0 |
               +--------+--------+--------+--------+--------+-----+--------+

Top non-repeatable levels by time:
     D:1: 1078 daAuts
     D:2: 670 daAuts
     D:3: 492 daAuts
     D:4: 412 daAuts
 Ossuary: 318 daAuts
  Temple: 163 daAuts
     D:5: 67 daAuts
